 Dungeon Crawl Stone Soup version 0.26-a0-812-g31a745ddcd (webtiles) character file.

Game seed: 17605066982299381727

802 nicanaca0 the Conjurer (level 7, 0/51 HPs)
             Began as a Black Draconian Conjurer on Nov 22, 2020.
             Was an Initiate of Vehumet.
             Slain by a sky beast (1 damage)
             ... on level 6 of the Dungeon.
             The game lasted 00:16:22 (6897 turns).

nicanaca0 the Conjurer (Black Draconian Conjurer)   Turns: 6897, Time: 00:16:22

Health: 0/51       AC:  7    Str:  9    XL:     7   Next: 59%
Magic:  8/13       EV: 15    Int: 21    God:    Vehumet [......]
Gold:   390        SH:  5    Dex:  9    Spells: 8/14 levels left

rFire    . . .     SeeInvis .   q - +0 flail
rCold    . . .     Faith    .   z - +2 buckler
rNeg     . . .     Spirit   .   (armour unavailable)
rPois    +         Reflect  .   (helmet restricted)
rElec    +         Harm     .   x - +0 cloak {rPois}
rCorr    .         Rampage  .   (no gloves)
MR       +....                  (no boots)
Stlth    ++........             (no amulet)
HPRegen  0.17/turn              j - +4 ring of evasion
MPRegen  0.13/turn              e - ring of protection from magic

@: mighty, short of breath
A: breathe lightning, unfitting armour, electricity resistance, cold-blooded, AC
+6
a: Breathe Lightning, Renounce Religion


You were on level 6 of the Dungeon.
You worshipped Vehumet.
Vehumet was noncommittal.
You visited 2 branches of the dungeon, and saw 7 of its levels.

You collected 390 gold pieces.

Inventory:

Hand Weapons
 l - a +0 hunting sling
 q - a +0 flail (weapon)
Missiles
 c - 319 stones
 m - 26 sling bullets
 v - 6 poisoned darts (quivered)
Armour
 k - a +2 cloak
 x - a +0 cloak of poison resistance (worn)
 z - a +2 buckler (worn)
Jewellery
 b - a +6 ring of strength
 e - a ring of protection from magic (right hand)
 j - a +4 ring of evasion (left hand)
Wands
 B - a wand of random effects (23)
Scrolls
 d - a scroll of immolation
 i - 3 scrolls of magic mapping
 t - 4 scrolls of amnesia
 w - 4 scrolls of remove curse {@r2}
 y - a scroll of enchant weapon {unknown}
 A - a scroll of identify {@r1}
 C - a scroll of enchant armour
Potions
 a - 4 potions of lignification
 f - 2 potions of haste {unknown}
 g - a potion of might
 h - a potion of berserk rage {unknown}
 n - a potion of degeneration {unknown}
 o - 2 potions of brilliance {unknown}
 p - 2 potions of mutation {unknown}
 r - a potion of curing {unknown}
 s - 2 potions of resistance
 u - a potion of magic {unknown}


   Skills:
 + Level 0.9 Fighting
 - Level 1.7 Dodging
 - Level 4.2 Stealth
 * Level 1.2 Shields
 + Level 4.1 Spellcasting
 * Level 7.2 Conjurations


You had 8 spell levels left.
You knew the following spells:

 Your Spells              Type           Power        Failure   Level
a - Magic Dart            Conj           ####         1%          1
b - Searing Ray           Conj           ####..       1%          2
c - Dazzling Flash        Conj/Hex       ###...       11%         3

Your spell library contained the following spells:

 Spells                   Type           Power        Failure   Level
 Fulminant Prism          Conj/Hex       ###.......   36%         4
 Iskenderun's Mystic Bla  Conj/Tloc      ###.....     36%         4


Dungeon Overview and Level Annotations

Branches:
Dungeon (6/15)             Temple (1/1) D:6

Altars:
Ashenzari
Cheibriados
Dithmenos
Elyvilon
Nemelex Xobeh
Okawaru
Qazlal
Uskayaw
Vehumet
Wu Jian
Yredelemnul
Zin

Shops:
D:5 [   D:6 }


Innate Abilities, Weirdness & Mutations

You can breathe wild blasts of lightning.
Your glossy black scales are hard. (AC +6)
You cannot fit into any form of body armour.
You are resistant to electric shocks. (rElec)
You are cold-blooded and may be slowed by cold attacks.


Message History

Something hits you but does no damage.
You finish channeling your searing ray.
Something hits you.
* * * LOW HITPOINT WARNING * * *
Something shocks you. You resist.
* * * LOW HITPOINT WARNING * * *
Unknown command.
You feel very mighty all of a sudden. Something hits you but does no damage.
Something hits you but does no damage. Something hits you but does no damage.
You miss something. Something hits you but does no damage.
You closely miss something. Something barely misses you. x2
You miss something. You tail-slap something. Something hits you.
* * * LOW HITPOINT WARNING * * *
Something shocks you. You resist.
* * * LOW HITPOINT WARNING * * *
You barely miss something.
Your tail-slap misses something.
Something hits you.
* * * LOW HITPOINT WARNING * * *
Something shocks you. You resist.
You die...

.....#........#
..............#
###...........#
#.#...........##
.......†.......# ###
..........Y...####.#
...............##..##
<.............##.{..#
.....#.#.......#@...#
....####.####.......#
....# #..###....#..####
....# ##...##...##.....##
....# #........(........#
.##.###.................#
###..............##...###
..#).###.........###..#
....####..#....#.######


There were no monsters in sight!

Vanquished Creatures
  A phantom (D:3)
  An ogre (D:5)
  A centaur (D:5)
  A hound (D:4)
  A jelly (D:5)
  Crazy Yiuf (D:5)
  4 orc wizards
  2 iguanas
  Natasha (thrice) (D:2)
  2 worker ants
  A hound zombie (D:6)
  3 adders
  A shadow imp (D:6)
  A white imp (D:5)
  An ufetubus (D:5)
  An adder zombie (D:5)
  An adder skeleton (D:5)
  5 worms (D:2)
  2 dart slugs (D:1)
  3 leopard geckos
  5 orcs
  12 bats
  7 giant cockroaches
  8 goblins
  3 hobgoblins (D:2)
  8 jackals (D:5)
  8 kobolds
  3 quokkas (D:3)
  3 ball pythons
  7 frilled lizards
  5 rats
105 creatures vanquished.

Notes
Turn   | Place    | Note
-------+----------+-------------------------------------------
     0 | D:1      | nicanaca0 the Draconian Conjurer began the quest for the
                  | Orb.
     0 | D:1      | Reached XP level 1. HP: 14/14 MP: 3/3
   270 | D:1      | Reached XP level 2. HP: 19/20 MP: 0/5
   832 | D:1      | Reached XP level 3. HP: 26/26 MP: 1/6
  1381 | D:2      | Learned a level 2 spell: Searing Ray
  1820 | D:2      | Reached skill level 5 in Conjurations
  1820 | D:2      | Reached XP level 4. HP: 22/33 MP: 1/7
  2286 | D:2      | Found a glowing silver altar of Zin.
  2416 | D:2      | Noticed Natasha
  2423 | D:2      | Killed Natasha
  2546 | D:2      | Reached XP level 5. HP: 25/38 MP: 2/9
  2824 | D:2      | Noticed Natasha
  2850 | D:2      | Killed Natasha
  3117 | D:2      | Noticed Natasha
  3129 | D:2      | Killed Natasha
  3390 | D:3      | Noticed a phantom
  3437 | D:3      | Killed a phantom
  3437 | D:3      | Reached skill level 6 in Conjurations
  3437 | D:3      | Reached XP level 6. HP: 23/45 MP: 0/11
  4968 | D:4      | Found an iron altar of Okawaru.
  5032 | D:5      | Entered Level 5 of the Dungeon
  5085 | D:5      | Learned a level 3 spell: Dazzling Flash
  5207 | D:5      | Your scales start taking on a glossy black colour.
  5207 | D:5      | Reached XP level 7. HP: 50/50 MP: 6/12
  5207 | D:5      | Gained mutation: You are resistant to electric shocks.
                  | (rElec) [Black Draconian growth]
  5476 | D:5      | Found a basalt altar of Yredelemnul.
  5483 | D:5      | Reached skill level 7 in Conjurations
  5844 | D:5      | Found Zayzouru's Antique Armour Boutique.
  5945 | D:5      | Found a runed translucent door.
  5946 | D:5      | Noticed Crazy Yiuf
  6255 | D:5      | Killed Crazy Yiuf
  6336 | D:6      | Found Reextul's Gadget Shop.
  6423 | D:6      | Found a stormy altar of Qazlal.
  6466 | D:6      | Reached skill level 1 in Shields
  6725 | D:6      | Found a staircase to the Ecumenical Temple.
  6734 | D:6      | Found a shadowy altar of Dithmenos.
  6737 | Temple   | Entered the Ecumenical Temple
  6775 | Temple   | Became a worshipper of Vehumet
  6897 | D:6      | HP: 1/51 [something (4)]
  6897 | D:6      | Slain by a sky beast

Illustrated notes

Levels and vault maps discovered:
D:1:      tarquinn_simple_flora_water_b, layout_basic
D:2:      layout_loops_ring, overflow_temple_1_default, hangedman_decor_lopped,
          uniq_natasha
D:3:      layout_rooms
D:4:      layout_loops_ring, kennysheep_mini
D:5:      layout_loops_ring, yredelemnul_altar_generic, serial_shops,
          nicolae_shop_trees, uniq_crazy_yiuf_cottage
D:6:      layout_cave_pools, lemuel_crystal_altar, grunt_qazlal_sundering,
          fedhas_altar_fruit_tree, grunt_gozag_breadcrumbs,
          minmay_temple_entry_mist, serial_shops, shop_coins
Temple:   jpeg_temple_island

Skill      XL: |  1  2  3  4  5  6  7 |
---------------+----------------------+-----
Stealth        | 2 3 4 |  4.2
Conjurations   | 5 6 7 |  7.2
Spellcasting   | 3 4 |  4.1
Shields        | 1 |  1.2
Fighting       | |  0.9
Dodging        | |  1.7

Action                   |  1- 3 |  4- 6 |  7- 9 || total
-------------------------+-------+-------+-------++-------
Melee: Whip              |    27 |    37 |       ||    64
       Tailslap          |     2 |     2 |     2 ||     6
       Flail             |       |       |    26 ||    26
 Cast: Magic Dart        |    84 |   136 |    48 ||   268
       Searing Ray       |     1 |     6 |     9 ||    16
 Abil: Breathe Lightning |       |       |     1 ||     1
  Use: Scroll            |       |     8 |     2 ||    10
       Potion            |       |       |     1 ||     1
Armor: Skin              |    16 |    19 |    27 ||    62
Dodge: Dodged            |    35 |    53 |    20 ||   108
Block: Buckler           |       |       |     7 ||     7

Table legend: (Time is in decaauts)
 A = Elapsed time spent in this place.
 B = Non-inter-level travel time spent in this place.
 C = Inter-level travel time spent in this place.
 D = Time resting spent in this place.
 E = Time spent auto-exploring this place.
 F = Levels seen in this place.
 G = Mean time per level.
                   A        B        C        D        E       F      G
               +--------+--------+--------+--------+--------+-----+--------+
         Total |   6970 |   6757 |    213 |   1318 |   4356 |   7 |  995.7 |
       Dungeon |   6901 |   6719 |    182 |   1318 |   4330 |   6 | 1150.2 |
        Temple |     68 |     37 |     31 |      0 |     26 |   1 |   68.0 |
               +--------+--------+--------+--------+--------+-----+--------+

Top non-repeatable levels by time:
     D:2: 1893 daAuts
     D:1: 1396 daAuts
     D:5: 1303 daAuts
     D:3: 1056 daAuts
     D:4: 746 daAuts
     D:6: 504 daAuts
  Temple: 68 daAuts
